 Dungeon Crawl Stone Soup version 0.20.1-1-g8b1a95d (webtiles) character file.

74 Supahsalami the Sneak (level 4, 0/33 HPs)
             Began as a Vampire Assassin on Nov 3, 2017.
             Slain by a gnoll
             ... wielding a +0 flail
              (9 damage)
             ... on level 2 of the Dungeon.
             The game lasted 00:06:09 (1401 turns).

Supahsalami the Sneak (Vampire Assassin)            Turns: 1401, Time: 00:06:10

Health: 0/33       AC:  6    Str: 10    XL:     4   Next: 10%
Magic:  4/4        EV: 12    Int: 13    God:
Gold:   45         SH:  0    Dex: 16    Spells: 3/3 levels left

rFire    . . .     SeeInvis +   k - +3 short sword
rCold    . . .     Gourm    .   (no shield)
rNeg     + . .     Faith    .   c - +0 robe
rPois    .         Spirit   .   n - +2 helmet
rElec    .         Reflect  .   d - +0 cloak
rCorr    .         Harm     .   (no gloves)
MR       .....                  (no boots)
Stlth    ++++......             (no amulet)
Regen    0.2/turn               (no ring)
MPRegen  0.1/turn               (no ring)

@: no status effects
A: fangs 3, see invisible, unbreathing
a: Bat Form


You were on level 2 of the Dungeon.
You were not thirsty.

You visited 1 branch of the dungeon, and saw 3 of its levels.

You collected 45 gold pieces.

Inventory:

Hand Weapons
 a - a +2 dagger
 b - a +0 blowgun
 k - a +3 short sword (weapon)
Missiles
 e - 8 poisoned needles
 f - 2 curare-tipped needles
Armour
 c - a +0 robe (worn)
 d - a +0 cloak (worn)
 n - a +2 helmet (worn)
Scrolls
 h - 2 scrolls of identify
Potions
 g - 21 potions of blood
 i - a potion of brilliance {unknown}
 j - 3 potions of flight
 m - a potion of heal wounds {unknown}


   Skills:
 + Level 1.9 Fighting
 + Level 3.1 Short Blades
 + Level 1.7 Throwing
 + Level 1.3 Dodging
 + Level 7.5 Stealth


You had 3 spell levels left.
You didn't know any spells.

Dungeon Overview and Level Annotations

Branches:
Dungeon (3/15)

Altars:


Innate Abilities, Weirdness & Mutations

You have razor-sharp teeth.
You have supernaturally acute eyesight. (SInv)
You can survive without breathing.


Message History

The rat barely misses you. x2
The gnoll closely misses you. The rat bites you but does no damage.
The rat misses you.
You climb upwards.
There is a stone staircase leading down here.
You hit the rat.
You kill the rat!
The gnoll hits you with a flail. The rat bites you but does no damage.
You hit the gnoll but do no damage. The gnoll completely misses you.
The rat bites you but does no damage.
You barely miss the gnoll. The rat bites you but does no damage.
You closely miss the gnoll. The gnoll hits you with a flail!
* * * LOW HITPOINT WARNING * * *
The rat closely misses you.
You hit the gnoll but do no damage. The gnoll barely misses you.
The rat misses you.
You hit the gnoll.
The gnoll is heavily wounded.
The gnoll hits you with a flail!
You die...

#..#. .. #... #. #..#
#. ##..##.# ##.......
# ##.....##
#.#g.....(#
#...@..((.#
#....r....# #
#..#...รท..##.#
#...%...(....########
##.##...((####.......
#.......(.....######
######.######## ...#
#####


You could see a gnoll and a rat.

Vanquished Creatures
  Robin (D:2)
  An adder (D:2)
  A leopard gecko (D:1)
  5 bats
  A bat zombie (D:1)
  A giant cockroach (D:1)
  17 goblins
  4 hobgoblins
  A quokka (D:2)
  A frilled lizard (D:1)
  8 kobolds
  A quokka zombie (D:1)
  7 rats
49 creatures vanquished.

Notes
Turn   | Place    | Note
-------+----------+-------------------------------------------
     0 | D:1      | Supahsalami the Vampire Assassin began the quest for the Orb.
     0 | D:1      | Reached XP level 1. HP: 16/16 MP: 1/1
    55 | D:2      | Reached skill level 6 in Stealth
   202 | D:1      | Reached XP level 2. HP: 15/22 MP: 2/2
   456 | D:1      | Reached skill level 7 in Stealth
   468 | D:2      | Noticed Robin
   482 | D:2      | Reached XP level 3. HP: 26/27 MP: 3/3
   867 | D:2      | Killed Robin
  1110 | D:2      | Reached XP level 4. HP: 22/33 MP: 4/4
  1401 | D:2      | Slain by a gnoll

Skill      XL: |  1  2  3 |
---------------+----------+-----
Stealth        | 6 7 |  7.5
Short Blades   | 3 |  3.1
Fighting       | |  1.9
Throwing       | |  1.7
Dodging        | |  1.3

Action                   |  1- 3 |  4- 6 || total
-------------------------+-------+-------++-------
Melee: Dagger            |    92 |       ||    92
       Bite              |    14 |     3 ||    17
       Short sword       |    34 |    25 ||    59
 Fire: Blowgun           |     1 |       ||     1
  Use: Scroll            |     2 |       ||     2
       Potion            |       |     1 ||     1
 Stab: Sleeping          |     8 |       ||     8
Armor: Robe              |    29 |    16 ||    45
Dodge: Dodged            |    99 |    44 ||   143
